 Dungeon Crawl Stone Soup version 0.26.1-11-gd32895ea62 (webtiles) character file.

Game seed: 15226850787026007306

99 raph the Digger (level 4, -1/24 HPs)
             Began as a Gargoyle Earth Elementalist on June 20, 2021.
             Was an Initiate of Ashenzari.
             Killed by divine providence
             ... invoked by an orc priest
              (11 damage)
             ... on level 3 of the Dungeon.
             The game lasted 00:04:19 (2576 turns).

raph the Digger (Gargoyle Earth Elementalist)       Turns: 2576, Time: 00:04:20

Health: -1/24      AC:  5    Str: 12    XL:     4   Next: 72%
Magic:  0/7        EV: 12    Int: 16    God:    Ashenzari [......]
Gold:   179        SH:  5    Dex: 10    Spells: 1/7 levels left

rFire    . . .     SeeInvis .   e - +0 short sword
rCold    . . .     Faith    .   (no shield)
rNeg     + . .     Spirit   .   c - +0 robe
rPois    ∞         Reflect  +   (no helmet)
rElec    +         Harm     .   (no cloak)
rCorr    +         Rampage  .   (no gloves)
Will     .....                  (no boots)
Stlth    ++........             o - amulet of reflection (curse)
HPRegen  0.08/turn              f - ring of resist corrosion
MPRegen  0.10/turn              (no ring)

@: no status effects
A: negative energy resistance 1, electricity resistance, unbreathing,
petrification resistance, miasma immunity, AC +3
a: Renounce Religion, Curse Item


You were on level 3 of the Dungeon.
You worshipped Ashenzari.
Ashenzari was noncommittal.
You visited 1 branch of the dungeon, and saw 3 of its levels.

You collected 179 gold pieces.

Inventory:

Hand Weapons
 e - a +0 short sword (weapon)
Missiles
 b - 80 stones
Armour
 c - a +0 robe (worn)
Jewellery
 f - a ring of resist corrosion (left hand)
 o - a cursed amulet of reflection (around neck)
Scrolls
 a - 3 scrolls of remove curse
 d - 2 scrolls of identify {unknown}
 g - a scroll of teleportation {unknown}
 i - a scroll of immolation {unknown}
 n - a scroll of random uselessness {unknown}
Potions
 h - a potion of curing {unknown}
 j - a potion of heal wounds {unknown}
 k - 3 potions of brilliance {unknown}
 l - a potion of flight {unknown}
 m - a potion of might {unknown}


   Skills:
 - Level 1.5 Dodging
 - Level 2.1 Stealth
 - Level 2.0 Spellcasting
 - Level 0.7 Transmutations
 + Level 6.4 Earth Magic


You had one spell level left.
You knew the following spells:

 Your Spells              Type           Power        Failure   Level
a - Sandblast             Erth           44%          1%          1
b - Passwall              Tmut/Erth      10%          7%          2
c - Stone Arrow           Conj/Erth      22%          17%         3

Your spell library contained the following spells:

 Spells                   Type           Power        Failure   Level
 Lee's Rapid Deconstruct  Erth           11%          38%         5
 Petrify                  Tmut/Erth      13%          43%         4


Dungeon Overview and Level Annotations

Branches:
Dungeon (3/15)

Altars:
Ashenzari

Annotations:
D:1 Terence


Innate Abilities, Weirdness & Mutations

You are resistant to torment.
Your stone body is resilient. (AC +3)
You are immune to poison.
You resist negative energy. (rN+)
You are resistant to electric shocks. (rElec)
You can survive without breathing.
You are immune to petrification.
You are immune to miasma.


Message History

Pain shoots through your body!
Aiming: Sandblast (safe; 1% risk of failure)
Press: ? - help, Q - select action, (/) - cycle Shift-Dir - straight line, f - orc priest
Aim: an orc priest, wielding a +0 dagger (19% to evade)
The blast of sand hits the orc priest.
The orc priest is moderately wounded.
An orc priest opens the large door.
The orc priest begins to cast a cantrip, but forgets the words!
Aiming: Sandblast (safe; 1% risk of failure)
Press: ? - help, Q - select action, (/) - cycle Shift-Dir - straight line, f/p - orc priest
Aim: an orc priest, wielding a +0 dagger (moderately wounded, 19% to evade)
The blast of sand hits the orc priest.
The orc priest is heavily wounded.
The orc priest begins to cast a cantrip, but forgets the words!
You don't have enough magic to cast that spell.
Unknown command.
Okay, then.
The orc priest invokes the aid of Beogh against you.
Beogh smites you!
You die...

...#......###########.........###
..............................# #
..............................# #
....#'##............[)........###
....'.##........................†
.................................
.####o##.............########....
..##.⌠.##............# #....
...##...##......@....# #....
##.o.##.o..S.....# #.... #
##)..##...####### #....
''.oo''..# #.... ##[.o##..##
#.... ##...##..## #....
##...##..## #.... #.⌠.##..##
##### .####'##..##


You could see 2 orc priests, an adder and 2 orcs.

Vanquished Creatures
  A worker ant (D:2)
  3 adders
  2 dart slugs
  2 leopard geckos (D:2)
  4 giant cockroaches
  5 goblins
  3 hobgoblins (D:2)
  7 jackals
  A ball python (D:1)
  6 bats
  2 frilled lizards (D:2)
  4 kobolds
  A rat (D:1)
41 creatures vanquished.

Notes
Turn   | Place    | Note
-------+----------+-------------------------------------------
     0 | D:1      | raph the Gargoyle Earth Elementalist began the quest for
                  | the Orb.
     0 | D:1      | Reached XP level 1. HP: 10/10 MP: 3/3
   216 | D:1      | Reached skill level 4 in Earth Magic
   583 | D:1      | Reached XP level 2. HP: 11/15 MP: 5/5
  1119 | D:1      | Learned a level 2 spell: Passwall
  1121 | D:2      | Noticed Terence
  1305 | D:2      | Reached skill level 5 in Earth Magic
  1305 | D:2      | Reached XP level 3. HP: 17/19 MP: 3/6
  1385 | D:2      | Found a broken altar of Ashenzari.
  1393 | D:2      | Became a worshipper of Ashenzari the Shackled
  1935 | D:2      | Reached XP level 4. HP: 19/24 MP: 4/7
  2178 | D:2      | Reached skill level 6 in Earth Magic
  2463 | D:3      | Learned a level 3 spell: Stone Arrow
  2576 | D:3      | Killed from afar by an orc priest

Illustrated notes

Levels and vault maps discovered:
D:1:      arrival_zaba_pyramid, layout_basic, serial_glass, glass_columns_b,
          glass_columns_b, glass_columns_c, glass_columns_b, feat_on_display,
          feat_on_display, minmay_strange_pillars, feat_on_display
D:2:      layout_rooms, lemuel_crystal_altar, uniq_terence
D:3:      layout_basic, grunt_decor_arrowhead, moated_statue

Skill      XL: |  1  2  3  4 |
---------------+-------------+-----
Earth Magic    | 4 5 6 |  6.4
Dodging        | |  1.5
Stealth        | |  2.1
Spellcasting   | |  2.0
Transmutations | |  0.7

Action                   |  1- 3 |  4- 6 || total
-------------------------+-------+-------++-------
Melee: Short sword       |    40 |    12 ||    52
       Unarmed           |     7 |       ||     7
 Cast: Sandblast         |    27 |    26 ||    53
       Passwall          |     1 |     1 ||     2
Invok: Curse Item        |       |     1 ||     1
 Stab: Sleeping          |     2 |       ||     2
Armor: Robe              |    24 |    10 ||    34
Dodge: Dodged            |    55 |    29 ||    84
Block: Other             |       |     7 ||     7
